 Dungeon Sprint DCSS version 0.30-a0-34-gbe8da3892a (webtiles) character file.

Game seed: 9054380592939843025

1402 mhtbhm the Geomancer (level 8, -6/44 HPs)
             Began as a Gargoyle Earth Elementalist on Aug 27, 2022.
             Was a Priest of Vehumet.
             Mangled by a two-headed ogre
             ... wielding a +0 giant spiked club
              (16 damage)
             ... in the Dungeon (Sprint III: "The Ten Rune Challenge").
             The game lasted 00:01:51 (998 turns).

mhtbhm the Geomancer (Gargoyle Earth Elementalist)   Turns: 998, Time: 00:01:52

Health: -6/44      AC:  7    Str: 11    XL:     8   Next: 69%
Magic:  5/22       EV: 14    Int: 15    God:    Vehumet [***...]
Gold:   25         SH:  0    Dex: 16    Spells: 18/28 levels left

rFire   . . .      SeeInvis .      - Unarmed
rCold   . . .      Faith    .    (no shield)
rNeg    + . .      Spirit   .    a - +0 robe
rPois   ∞          Reflect  .    (no helmet)
rElec   +          Harm     .    (no cloak)
rCorr   .          Rampage  .    (no gloves)
Will    .....      NoTele   +    (no boots)
Stlth   +++.......               (no amulet)
HPRegen 0.14/turn                (no ring)
MPRegen 0.18/turn                (no ring)

@: no status effects
A: sickness immunity, AC +5, negative energy resistance 1, electricity
resistance, torment resistance 1, petrification resistance, agile 1
a: Renounce Religion


You were in the Dungeon.
You worshipped Vehumet.
Vehumet was most pleased with you.
You visited 1 branch You collected 25 gold pieces.

Inventory:

Armour
 a - a +0 robe (worn)
Wands
 m - a wand of iceblast (1)
Scrolls
 f - 2 scrolls of torment {unknown}
 g - a scroll of blinking
 h - a scroll of silence {unknown}
 i - a scroll of enchant armour {unknown}
 j - a scroll of vulnerability {unknown}
 l - a scroll of identify {unknown}
Potions
 b - 2 potions of magic
 c - a potion of curing
 d - a potion of mutation
 e - a potion of haste
 k - 3 potions of flight
 n - a potion of heal wounds
 o - a potion of might
Miscellaneous
 p - a piece from Xom's chessboard (15/15)


   Skills:
 + Level 2.0 Fighting
 + Level 5.5 Dodging
 + Level 4.8 Stealth
 + Level 4.0 Unarmed Combat
 + Level 10.7 Spellcasting
 + Level 2.7 Conjurations
 + Level 1.0 Transmutations
 + Level 14.3 Earth Magic


You had 18 spell levels left.
You knew the following spells:

 Your Spells              Type           Power      Damage    Failure   Level
a - Sandblast             Erth           100%       2d20      1%          1
b - Passwall              Tmut/Erth      25%        N/A       1%          2
c - Stone Arrow           Conj/Erth      66%        3d11      1%          3
d - Petrify               Tmut/Erth      31%        N/A       3%          4

Your spell library contained the following spells:

 Spells                   Type           Power      Damage    Failure   Level
 Scorch                   Fire           16%        2d5       4%          2
 Foxfire                  Conj/Fire      48%        2x1d6     1%          1
 Conjure Flame            Conj/Fire      12%        6-21      4%          3
 Dazzling Flash           Conj/Hex       24%        N/A       4%          3
 Inner Flame              Hex/Fire       8%         N/A       7%          3
 Flame Wave               Conj/Fire      12%        2d6       13%         4
 Iskenderun's Mystic Bla  Conj/Tloc      12%        2d5       13%         4
 Starburst                Conj/Fire      6%         6d4       86%         6


Dungeon Overview and Level Annotations

Branches:
Dungeon (1/1)

Altars:
Cheibriados
Dithmenos
Elyvilon
Fedhas
Gozag
Hepliaklqana
Kikubaaqudgha
Makhleb
Nemelex Xobeh
Okawaru
Qazlal
Ru
Sif Muna
Trog
Uskayaw
Vehumet
Wu Jian
Xom
Yredelemnul
Zin
The Shining One
Jiyva
Lugonu


Innate Abilities, Weirdness & Mutations

You are immune to sickness and miasma.
Your stone body is resilient. (AC +5)
You are immune to poison.
You resist negative energy. (rN+)
You are resistant to electric shocks. (rElec)
You are resistant to unholy torment.
You are immune to petrification.
You are agile. (Dex +4, Str/Int -1)


Message History

You feel your power returning.
Your Unarmed Combat skill increases to level 4!
Unknown command.
Casting: Stone Arrow (safe; 1% risk of failure)
Confirm with . or Enter, or press ? or * to list all spells.
Aiming: Stone Arrow (safe; 1% risk of failure)
Press: ? - help, Shift-Dir - straight line, f - two-headed ogre
Aim: a two-headed ogre, wielding two +0 giant spiked clubs (88% to hit)
The stone arrow hits the two-headed ogre!!
The two-headed ogre is severely wounded.
Unknown command.
Casting: Stone Arrow (safe; 1% risk of failure)
Confirm with . or Enter, or press ? or * to list all spells.
Aiming: Sandblast (safe; 1% risk of failure)
Press: ? - help, Shift-Dir - straight line, f/p - two-headed ogre
Aim: a two-headed ogre, wielding two +0 giant spiked clubs (severely wounded, 93% to hit)
The blast of sand hits the two-headed ogre!!
You kill the two-headed ogre!
Vehumet accepts your kill.
Vehumet is now aiding your destructive spells.
Casting: Sandblast (safe; 1% risk of failure)
Confirm with . or Enter, or press ? or * to list all spells.
Aiming: Stone Arrow (safe; 1% risk of failure)
Press: ? - help, Shift-Dir - straight line, f - two-headed ogre
Aim: a two-headed ogre, wielding a +0 giant spiked club and a +0 dire flail (88% to hit)
The stone arrow hits the two-headed ogre!
The two-headed ogre is moderately wounded.
Unknown command.
Casting: Stone Arrow (safe; 1% risk of failure)
Confirm with . or Enter, or press ? or * to list all spells.
Aiming: Stone Arrow (safe; 1% risk of failure)
Press: ? - help, Shift-Dir - straight line, f/p - two-headed ogre
Aim: a two-headed ogre, wielding a +0 giant spiked club and a +0 dire flail (moderately wounded, 88% to hit)
The stone arrow hits the two-headed ogre!!
The two-headed ogre is almost dead.
The two-headed ogre hits you with a +0 giant spiked club!!
Ouch! That really hurt!
* * * LOW HITPOINT WARNING * * *
The two-headed ogre hits you with a +0 dire flail!
You die...

.#..###)#'###)##
'#..#..........#
#...'.⌠........#
#...#...######'#
....#.⌠.#__#...# #
....#...#__#...# #.#
....#'###__#...## ..
....#.).#__#...'##.#
....#___#__'...#@O.#
▓▓▓▓▓▓▓▓▓▓▓▓▓▓▓▓▓▓▓▓


You could see a two-headed ogre.

Vanquished Creatures
  A deep elf pyromancer (D)
  A shadow (D)
  A spatial vortex (D)
  2 two-headed ogres (D)
  A scorpion (D)
  A necrophage (D)
  A water elemental (D)
  A jelly (D)
  A wizard (D)
  A necromancer (D)
  3 humans (D)
  A kobold demonologist (D)
  4 rats (D)
19 creatures vanquished.

Notes
Turn   | Place    | Note
-------+----------+-------------------------------------------
     0 | D        | mhtbhm the Gargoyle Earth Elementalist began the quest for
                  | the Orb.
     0 | D        | Reached XP level 1. HP: 10/10 MP: 3/3
    11 | D        | Reached skill level 4 in Earth Magic
   124 | D        | Noticed a scorpion
   142 | D        | Killed a scorpion
   143 | D        | Reached skill level 1 in Transmutations
   143 | D        | Reached skill level 7 in Earth Magic
   143 | D        | Reached XP level 2. HP: 14/15 MP: 1/6
   143 | D        | Reached XP level 3. HP: 17/19 MP: 1/8
   143 | D        | Reached XP level 4. HP: 22/24 MP: 1/9
   279 | D        | Gained mutation: You are clumsy. (Dex -2) [potion of
                  | mutation]
   279 | D        | Gained mutation: Your spells are a little harder to cast,
                  | but a little more powerful. [potion of mutation]
   280 | D        | Lost mutation: Your spells are a little harder to cast, but
                  | a little more powerful. [potion of mutation]
   280 | D        | Lost mutation: You are clumsy. (Dex -2) [potion of
                  | mutation]
   280 | D        | Gained mutation: You occasionally lose the ability to drink
                  | potions when taking damage. [potion of mutation]
   280 | D        | Gained mutation: You expend magic power (3 MP) to
                  | strengthen your wands. [potion of mutation]
   282 | D        | Lost mutation: You occasionally lose the ability to drink
                  | potions when taking damage. [potion of mutation]
   282 | D        | Lost mutation: You expend magic power (3 MP) to strengthen
                  | your wands. [potion of mutation]
   282 | D        | Gained mutation: You are agile. (Dex +4, Str/Int -1)
                  | [potion of mutation]
   287 | D        | Learned a level 2 spell: Passwall
   291 | D        | Learned a level 3 spell: Stone Arrow
   296 | D        | Learned a level 4 spell: Petrify
   297 | D        | Noticed a water elemental
   300 | D        | Killed a water elemental
   301 | D        | Reached skill level 1 in Unarmed Combat
   301 | D        | Reached skill level 5 in Spellcasting
   301 | D        | Reached skill level 8 in Earth Magic
   301 | D        | Reached XP level 5. HP: 28/28 MP: 7/12
   378 | D        | Found a radiant altar of Vehumet.
   378 | D        | Found a shimmering blue altar of Sif Muna.
   378 | D        | Found an ancient bone altar of Kikubaaqudgha.
   380 | D        | Reached skill level 9 in Earth Magic
   390 | D        | Became a worshipper of Vehumet
   405 | D        | Found a basalt altar of Yredelemnul.
   405 | D        | Found a shadowy altar of Dithmenos.
   405 | D        | Found a sacrificial altar of Ru.
   411 | D        | Reached skill level 1 in Fighting
   411 | D        | Reached skill level 10 in Earth Magic
   411 | D        | Reached XP level 6. HP: 34/34 MP: 9/15
   461 | D        | Found a glowing silver altar of Zin.
   461 | D        | Found a glowing golden altar of the Shining One.
   461 | D        | Found a white marble altar of Elyvilon.
   461 | D        | Noticed a deep elf pyromancer
   465 | D        | Killed a deep elf pyromancer
   465 | D        | Reached * piety under Vehumet
   465 | D        | Offered knowledge of Freeze by Vehumet.
   466 | D        | Reached skill level 5 in Dodging
   466 | D        | Reached skill level 12 in Earth Magic
   466 | D        | Reached XP level 7. HP: 33/39 MP: 7/19
   536 | D        | Found a hide-covered altar of Uskayaw.
   536 | D        | Found an iron altar of Okawaru.
   536 | D        | Found a bloodstained altar of Trog.
   536 | D        | Found an ornate altar of the Wu Jian Council.
   536 | D        | Noticed a human
   536 | D        | Noticed a human
   538 | D        | Killed a human
   539 | D        | Reached skill level 1 in Conjurations
   539 | D        | Reached skill level 13 in Earth Magic
   544 | D        | Killed a human
   545 | D        | Reached XP level 8. HP: 34/44 MP: 5/21
   645 | D        | Noticed a shadow
   648 | D        | Killed a shadow
   648 | D        | Reached ** piety under Vehumet
   648 | D        | Offered knowledge of Static Discharge by Vehumet.
   649 | D        | Reached skill level 10 in Spellcasting
   728 | D        | Found a blossoming altar of Fedhas.
   728 | D        | Found a stormy altar of Qazlal.
   728 | D        | Found a snail-covered altar of Cheibriados.
   728 | D        | Found a burning altar of Makhleb.
   728 | D        | Found a shimmering altar of Xom.
   734 | D        | Reached skill level 14 in Earth Magic
   734 | D        | Found a hazy altar of Hepliaklqana.
   734 | D        | Found an opulent altar of Gozag.
   734 | D        | Found a sparkling altar of Nemelex Xobeh.
   734 | D        | Found a corrupted altar of Lugonu.
   734 | D        | Found a viscous altar of Jiyva.
   994 | D        | Offered knowledge of Scorch by Vehumet.
   996 | D        | Reached *** piety under Vehumet
   998 | D        | Mangled by a two-headed ogre

Illustrated notes

Levels and vault maps discovered:
D:        dungeon_sprint_mu [sprint_mu_entry_cave, sprint_mu_temple_rooms,
          sprint_mu_d1_spiders, sprint_mu_d2_genie, sprint_mu_d3_branching,
          sprint_mu_orc_legion, sprint_mu_elf_gauntlet, sprint_mu_hive_nellie,
          sprint_mu_lair_fedhas, sprint_mu_vaults_butterflies,
          sprint_mu_slime_circle, sprint_mu_swamp_cave, sprint_mu_snake_twists,
          sprint_mu_blade_basic, sprint_mu_crypt_chambers,
          sprint_mu_tomb_spiral, sprint_mu_vestibule_basic,
          sprint_mu_gehenna_hellfire, sprint_mu_dis_giant,
          sprint_mu_tartarus_statrot, sprint_mu_cocytus_islands, sprint_mu_zot1]

Skill      XL: |  1  2  3  4  5  6  7  8 |
---------------+-------------------------+-----
Stealth        | 3 4 |  4.8
Earth Magic    | 7 8 10 12 13 14 | 14.3
Dodging        | 2 3 5 |  5.5
Spellcasting   | 3 5 6 9 10 | 10.7
Transmutations | 1 |  1.0
Unarmed Combat | 1 2 3 4 |  4.0
Fighting       | 1 2 |  2.0
Conjurations   | 1 2 |  2.7

Action                   |  1- 3 |  4- 6 |  7- 9 || total
-------------------------+-------+-------+-------++-------
Melee: Unarmed           |     8 |    10 |     1 ||    19
 Cast: Sandblast         |    10 |    12 |     9 ||    31
       Stone Arrow       |       |     2 |    14 ||    16
  Use: Potion            |     3 |     3 |       ||     6
Armor: Robe              |     5 |     3 |     1 ||     9
Dodge: Dodged            |     8 |     9 |     7 ||    24

Table legend: (Time is in decaauts)
 A = Elapsed time spent in this place.
 B = Non-inter-level travel time spent in this place.
 C = Inter-level travel time spent in this place.
 D = Time resting spent in this place.
 E = Time spent auto-exploring this place.
 F = Levels seen in this place.
 G = Mean time per level.
                   A        B        C        D        E       F      G
               +--------+--------+--------+--------+--------+-----+--------+
         Total |   1018 |   1018 |      0 |    695 |     86 |   1 | 1018.0 |
       Dungeon |   1018 |   1018 |      0 |    695 |     86 |   1 | 1018.0 |
               +--------+--------+--------+--------+--------+-----+--------+

Top non-repeatable levels by time:
       D: 1018 daAuts
